 Dungeon Crawl Stone Soup version 0.22-a0-322-g60b3cfd (webtiles) character file.

162 b5mith the Cudgeler (level 5, -19/53 HPs)
             Began as a Troll Monk on Apr 2, 2018.
             Demolished by an ogre
             ... wielding a +0 giant club
              (29 damage)
             ... on level 3 of the Dungeon.
             The game lasted 00:05:40 (2117 turns).

b5mith the Cudgeler (Troll Monk)                    Turns: 2117, Time: 00:05:40

Health: -19/53     AC:  5    Str: 20    XL:     5   Next: 19%
Magic:  4/4        EV: 11    Int:  6    God:
Gold:   59         SH:  0    Dex: 12    Spells: 4/4 levels left

rFire    . . .     SeeInvis .   a - +3 falchion
rCold    . . .     Gourm    +   (no shield)
rNeg     . . .     Faith    .   b - +0 robe
rPois    .         Spirit   .   (helmet restricted)
rElec    .         Reflect  .   (no cloak)
rCorr    .         Harm     .   (gloves unavailable)
MR       .....                  (boots unavailable)
Stlth    ++........             (no amulet)
HPRegen  0.57/turn              (no ring)
MPRegen  0.09/turn              (no ring)

@: no status effects
A: large, unfitting armour, claws 3, fast metabolism 3, gourmand, regeneration
1, shaggy fur 1, tough skin 2
a: no special abilities


You were on level 3 of the Dungeon.
You were completely stuffed.

You visited 1 branch of the dungeon, and saw 3 of its levels.

You collected 59 gold pieces.

Inventory:

Hand Weapons
 a - a +3 falchion (weapon)
 g - a +0 hunting sling
 k - a +0 mace
Armour
 b - a +0 robe (worn)
Wands
 p - a wand of random effects (25)
Scrolls
 d - 3 scrolls of magic mapping
 e - a scroll of blinking
 f - 2 scrolls of teleportation
 m - 3 scrolls of fog {unknown}
 n - 2 scrolls of remove curse {@r2}
 o - a scroll of enchant armour {unknown}
 q - 2 scrolls of identify {unknown}
Potions
 h - a potion of haste {unknown}
 i - 2 potions of degeneration {unknown}
 j - 5 potions of curing {unknown}
 l - a potion of might {unknown}
Comestibles
 c - 8 rations
 r - 5 chunks of flesh


   Skills:
 + Level 3.2 Fighting
 + Level 3.5 Maces & Flails
 + Level 3.2 Dodging
 + Level 1.7 Stealth


You had 4 spell levels left.
You didn't know any spells.

Dungeon Overview and Level Annotations

Branches:
Dungeon (3/15)

Altars:


Innate Abilities, Weirdness & Mutations

You are too large for most types of armour.
You have claws for hands.
Your metabolism is lightning-fast.
You like to eat raw meat.
Your natural rate of healing is unusually fast.
You are covered in fur. (AC +1)
You have very tough skin. (AC +2)


Message History

The ogre is lightly wounded.
The ogre hits you with a giant club!
You hit the ogre.
The ogre is moderately wounded.
The ogre hits you with a giant club!
You closely miss the ogre.
The ogre is moderately wounded.
The ogre barely misses you.
You hit the ogre.
The ogre is heavily wounded.
The ogre hits you with a giant club!!
* * * LOW HITPOINT WARNING * * *
You barely miss the ogre.
The ogre is heavily wounded.
The ogre closely misses you.
You slash the ogre!
The ogre is almost dead.
The ogre hits you with a giant club!!
Ouch! That really hurt!
You die...

#.#............
..#.###.#.##### ..#.#
#.#.# ####+#### .
.##.###.#.# #.......##.#
.>...(#.#.# #...........
.##.#.#.#.###..........#
..#.# #.#.#''..........#
#.#.# #.........O.$.....
#.#.# #.........@# #.#
.#..........##########
#.#+#.#
.................#
......#
.##....#.#######.#
......# .......... #.#
......# .#######.###.
#.# ......#.# #.# #.#
#.# .....<#.# #.# #.#
#.# ......#.# #.# #.#
#.#. #..


You could see an ogre.

Vanquished Creatures
  A howler monkey (D:3)
  Terence (D:2)
  3 adders
  2 worms (D:2)
  3 dart slugs
  A leopard gecko (D:2)
  An orc (D:2)
  4 ball pythons
  8 bats
  A giant cockroach (D:3)
  7 goblins
  9 hobgoblins
  6 jackals (D:1)
  2 frilled lizards (D:3)
  6 kobolds
  7 rats
62 creatures vanquished.

Notes
Turn   | Place    | Note
-------+----------+-------------------------------------------
     0 | D:1      | b5mith the Troll Monk began the quest for the Orb.
     0 | D:1      | Reached XP level 1. HP: 22/22 MP: 0/0
   149 | D:1      | Reached XP level 2. HP: 29/29 MP: 1/1
   649 | D:1      | Reached XP level 3. HP: 30/36 MP: 2/2
  1166 | D:2      | Noticed Terence
  1178 | D:2      | Killed Terence
  1214 | D:2      | Reached XP level 4. HP: 39/44 MP: 3/3
  1950 | D:3      | Reached XP level 5. HP: 47/53 MP: 4/4
  2107 | D:3      | Noticed an ogre
  2117 | D:3      | Demolished by an ogre

Vault maps used:
D:1:      dpeg_arrival_rooms_a
D:2:      uniq_terence
D:3:      first_ration, serial_bayou_ford_a, minmay_misc_feat_x

Skill      XL: |  1  2  3  4 |
---------------+-------------+-----
Maces & Flails | 3 |  3.5
Fighting       | 3 |  3.2
Dodging        | 3 |  3.2
Stealth        | |  1.7

Action                   |  1- 3 |  4- 6 || total
-------------------------+-------+-------++-------
Melee: Mace              |   114 |       ||   114
       Falchion          |     9 |    66 ||    75
  Use: Scroll            |     2 |     2 ||     4
 Stab: Sleeping          |     4 |     2 ||     6
  Eat: Chunk             |    15 |    11 ||    26
Armor: Robe              |    79 |    26 ||   105
Dodge: Dodged            |    77 |    40 ||   117
       Rpst.: Falchion   |     3 |    13 ||    16

Table legend:
 A = Spawn XP
 B = Non-spawn XP
 C = Spawn XP percentage of total XP
 D = Spawn monster count
 E = Non-spawn monster count
 F = Spawn count percentage of total count
 G = Total turns spent on level
                    A         B        C        D         E        F      G
               +---------+---------+-------+---------+---------+-------+---------
         Total |       0 |     232 |   0.0 |       0 |      62 |   0.0 |  2117
               +---------+---------+-------+---------+---------+-------+---------
           D:1 |       0 |      62 |   0.0 |       0 |      36 |   0.0 |  1127
           D:2 |       0 |      71 |   0.0 |       0 |      12 |   0.0 |   604
           D:3 |       0 |      99 |   0.0 |       0 |      14 |   0.0 |   386
               +---------+---------+-------+---------+---------+-------+---------
